[ AOE2 MATCH · #505588781 ]
UnrankedHindustanis vs Teutons
Rival team · LOSS
[ REPLAY ANALYSIS · EXTRACTED FROM THE RECORDED GAME ]
Feudal
12:27
Castle
21:50
Imperial
39:23
| APM avg | 75.2 |
| APM peak | 131 |
| eAPM avg | 33.8 |
| Villagers / military | 157 / 372 |
Focus
⚔️ 29.5% · 🌾 70.5%
Camel Scout ×101 · Scout Cavalry ×97 · Hand Cannoneer ×91 · Cavalry Archer ×43 · Skirmisher ×9 · Militia ×8
Feudal
9:13
Castle
23:09
Imperial
41:27
| APM avg | 50.4 |
| APM peak | 101 |
| eAPM avg | 28.6 |
| Villagers / military | 207 / 580 |
Focus
⚔️ 49.0% · 🌾 51.0%
Spearman ×258 · Skirmisher ×170 · Knight ×52 · Teutonic Knight ×41 · Hand Cannoneer ×29 · Archer ×11
Match map
Initial resources + every placement click. Lines = walls · curves = elevation contours. ◆ gold · ⬟ stone · ● berries · ✦ relic · ◌ wall gap
Your base· Open — opponent sealed themselves in
step sister's base· ✓ Closed at 23:09 · 21t walls · 1 gate(s)
Smoothed initial terrain · ◌ = detected wall gap · hover for details
Inputs per minute
— Gil-galad - - step sister
Build order — Gil-galad
First 150 of 597 actions detected
| 0:00 | Create | Villager (Male) |
| 0:00 | Create | Villager (Male) |
| 0:01 | Build | House |
| 0:02 | Build | House |
| 0:09 | Create | Villager (Male) |
| 0:10 | Create | Villager (Male) |
| 1:05 | Create | Villager (Male) |
| 1:05 | Create | Villager (Male) |
| 1:21 | Build | Lumber Camp |
| 1:36 | Create | Villager (Male) |
| 2:03 | Create | Villager (Male) |
| 2:03 | Create | Villager (Male) |
| 2:30 | Create | Villager (Male) |
| 3:08 | Create | Villager (Male) |
| 3:23 | Build | House |
| 3:45 | Create | Villager (Male) |
| 3:56 | Build | Barracks |
| 4:02 | Create | Villager (Male) |
| 4:27 | Create | Villager (Male) |
| 4:40 | Build | House |
| 4:50 | Create | Militia |
| 4:51 | Create | Villager (Male) |
| 5:07 | Create | Militia |
| 5:25 | Create | Villager (Male) |
| 5:35 | Create | Militia |
| 5:52 | Create | Villager (Male) |
| 5:56 | Build | Mill |
| 6:10 | Create | Villager (Male) |
| 6:30 | Create | Villager (Male) |
| 6:37 | Build | House |
| 7:03 | Create | Villager (Male) |
| 7:06 | Build | Mining Camp |
| 7:13 | Create | Villager (Male) |
| 7:13 | Create | Villager (Male) |
| 7:14 | Create | Militia |
| 7:14 | Create | Militia |
| 7:25 | Create | Villager (Male) |
| 8:15 | Build | Mill |
| 8:15 | Create | Villager (Male) |
| 8:27 | Create | Militia |
| 8:29 | Create | Villager (Male) |
| 9:04 | Create | Villager (Male) |
| 9:25 | Create | Militia |
| 9:31 | Create | Villager (Male) |
| 9:35 | Build | Farm |
| 9:45 | Build | House |
| 9:52 | Research | Loom |
| 10:05 | Build | Farm |
| 10:11 | Build | Farm |
| 10:14 | Research | Feudal Age |
| 10:36 | Build | Farm |
| 10:42 | Create | Militia |
| 10:48 | Create | Villager (Male) |
| 11:25 | Create | Villager (Male) |
| 11:51 | Build | House |
| 12:27 | Age | Feudal Age |
| 12:29 | Build | Archery Range |
| 12:34 | Research | Double-Bit Axe |
| 12:49 | Research | Horse Collar |
| 12:49 | Create | Villager (Male) |
| 12:51 | Create | Skirmisher |
| 13:05 | Build | Palisade Wall |
| 13:08 | Create | Villager (Male) |
| 13:13 | Create | Skirmisher |
| 13:18 | Build | House |
| 13:28 | Create | Skirmisher |
| 13:53 | Create | Villager (Male) |
| 13:58 | Build | Lumber Camp |
| 14:08 | Create | Skirmisher |
| 14:16 | Build | Palisade Wall |
| 14:19 | Build | Palisade Wall |
| 14:24 | Create | Villager (Male) |
| 14:25 | Create | Skirmisher |
| 14:30 | Build | Palisade Wall |
| 14:31 | Build | Palisade Wall |
| 14:33 | Build | Palisade Wall |
| 14:35 | Create | Villager (Male) |
| 14:37 | Build | Farm |
| 14:40 | Build | Farm |
| 14:46 | Create | Skirmisher |
| 14:51 | Create | Villager (Male) |
| 15:03 | Build | House |
| 15:14 | Build | Farm |
| 15:16 | Build | Farm |
| 15:16 | Create | Villager (Male) |
| 15:48 | Build | Blacksmith |
| 15:58 | Create | Spearman |
| 15:59 | Create | Villager (Male) |
| 16:01 | Build | Farm |
| 16:05 | Build | Farm |
| 16:08 | Build | Farm |
| 16:20 | Create | Villager (Male) |
| 16:22 | Build | Farm |
| 16:36 | Research | Fletching |
| 16:42 | Create | Villager (Male) |
| 16:44 | Build | House |
| 16:48 | Build | Farm |
| 16:52 | Build | Farm |
| 16:56 | Build | Farm |
| 16:57 | Create | Villager (Male) |
| 17:02 | Create | Spearman |
| 17:18 | Build | House |
| 17:20 | Build | Farm |
| 17:21 | Create | Villager (Male) |
| 17:27 | Build | Farm |
| 18:02 | Build | Farm |
| 18:02 | Build | Farm |
| 18:03 | Build | Farm |
| 18:10 | Create | Villager (Male) |
| 18:34 | Create | Villager (Male) |
| 18:39 | Build | Market |
| 19:10 | Research | Castle Age |
| 19:31 | Build | House |
| 19:33 | Build | Palisade Wall |
| 20:20 | Build | Stable |
| 20:22 | Build | Stable |
| 20:29 | Research | Padded Archer Armor |
| 20:30 | Research | Scale Barding Armor |
| 20:35 | Research | Gold Mining |
| 20:38 | Create | Villager (Male) |
| 21:28 | Build | Farm |
| 21:28 | Build | Farm |
| 21:29 | Build | Farm |
| 21:45 | Research | Bloodlines |
| 21:50 | Age | Castle Age |
| 21:52 | Create | Camel Scout |
| 21:55 | Research | Bow Saw |
| 21:57 | Research | Heavy Plow |
| 21:58 | Create | Villager (Male) |
| 22:25 | Create | Camel Scout |
| 22:27 | Create | Camel Scout |
| 22:30 | Create | Villager (Male) |
| 22:49 | Research | Elite Skirmisher (upgrade) |
| 22:52 | Build | Palisade Gate |
| 22:59 | Build | Palisade Wall |
| 23:00 | Build | Palisade Wall |
| 23:14 | Research | Bodkin Arrow |
| 23:14 | Create | Villager (Male) |
| 23:43 | Create | Camel Scout |
| 23:54 | Create | Villager (Male) |
| 24:15 | Create | Villager (Male) |
| 24:17 | Create | Camel Scout |
| 24:17 | Create | Camel Scout |
| 24:18 | Create | Skirmisher |
| 24:18 | Create | Skirmisher |
| 24:25 | Build | Town Center |
| 24:32 | Build | Town Center |
| 24:41 | Create | Camel Scout |
| 24:41 | Create | Camel Scout |
| 24:42 | Create | Skirmisher |
Build order — step sister
First 150 of 624 actions detected
| 0:00 | Create | Villager (Male) ×4 |
| 0:01 | Build | House |
| 0:02 | Build | House |
| 1:09 | Create | Villager (Male) |
| 1:58 | Build | Mill |
| 2:01 | Create | Villager (Male) |
| 2:01 | Create | Villager (Male) |
| 2:02 | Create | Villager (Male) |
| 2:43 | Create | Villager (Male) |
| 2:58 | Create | Villager (Male) |
| 3:42 | Create | Villager (Male) |
| 3:42 | Create | Villager (Male) |
| 3:55 | Create | Villager (Male) |
| 3:55 | Create | Villager (Male) |
| 4:05 | Build | House |
| 4:12 | Create | Villager (Male) |
| 4:12 | Create | Villager (Male) |
| 4:13 | Create | Villager (Male) |
| 4:33 | Build | House |
| 4:40 | Create | Villager (Male) |
| 4:40 | Create | Villager (Male) |
| 4:41 | Create | Villager (Male) |
| 5:17 | Create | Villager (Male) |
| 5:17 | Create | Villager (Male) |
| 5:17 | Create | Villager (Male) |
| 5:17 | Create | Villager (Male) |
| 6:16 | Build | Lumber Camp |
| 6:20 | Research | Loom |
| 7:03 | Research | Feudal Age |
| 8:00 | Build | House |
| 8:16 | Build | House |
| 8:17 | Build | Palisade Wall |
| 8:27 | Build | House |
| 9:10 | Build | Barracks |
| 9:13 | Age | Feudal Age |
| 9:15 | Create | Villager (Male) |
| 9:15 | Create | Villager (Male) |
| 9:30 | Create | Villager (Male) |
| 9:43 | Build | Archery Range |
| 10:14 | Build | Mining Camp |
| 10:26 | Create | Archer |
| 10:27 | Create | Villager (Male) |
| 10:28 | Create | Villager (Male) |
| 10:37 | Research | Double-Bit Axe |
| 10:42 | Build | Palisade Wall |
| 10:49 | Build | Palisade Wall |
| 10:52 | Build | Palisade Wall |
| 10:52 | Build | Palisade Wall |
| 10:54 | Build | Palisade Wall |
| 11:13 | Create | Archer |
| 11:13 | Create | Archer |
| 11:25 | Create | Villager (Male) |
| 11:26 | Create | Villager (Male) |
| 11:32 | Build | House |
| 11:33 | Build | House |
| 11:36 | Build | House |
| 11:56 | Create | Archer |
| 11:56 | Create | Archer |
| 11:57 | Create | Villager (Male) |
| 11:57 | Create | Villager (Male) |
| 12:13 | Build | Palisade Wall |
| 12:20 | Create | Villager (Male) |
| 12:20 | Create | Villager (Male) |
| 12:31 | Build | Blacksmith |
| 12:32 | Build | House |
| 12:32 | Build | Palisade Wall |
| 12:40 | Build | House |
| 12:48 | Create | Archer |
| 13:02 | Build | House |
| 13:03 | Build | House |
| 13:05 | Build | Palisade Wall |
| 13:07 | Create | Archer |
| 13:17 | Build | Farm |
| 13:18 | Build | Farm |
| 13:19 | Build | Farm |
| 13:20 | Create | Villager (Male) |
| 13:31 | Build | Mill |
| 13:53 | Create | Archer |
| 14:05 | Build | Farm |
| 14:05 | Build | Farm |
| 14:07 | Create | Archer |
| 14:13 | Create | Villager (Male) |
| 14:19 | Build | Palisade Gate |
| 14:48 | Create | Villager (Male) |
| 14:52 | Build | Farm |
| 14:56 | Create | Villager (Male) |
| 14:57 | Create | Archer |
| 15:09 | Build | Lumber Camp |
| 15:19 | Create | Skirmisher |
| 15:38 | Create | Villager (Male) |
| 15:38 | Create | Villager (Male) |
| 16:02 | Build | Farm |
| 16:02 | Build | Farm |
| 16:04 | Research | Horse Collar |
| 16:07 | Create | Archer |
| 16:13 | Build | Farm |
| 16:25 | Create | Villager (Male) |
| 16:25 | Create | Villager (Male) |
| 16:26 | Build | Farm |
| 16:49 | Create | Villager (Male) |
| 16:54 | Build | Stable |
| 17:14 | Build | Farm |
| 17:14 | Build | Farm |
| 17:15 | Build | Farm |
| 17:18 | Create | Villager (Male) |
| 17:47 | Create | Scout Cavalry |
| 17:47 | Create | Scout Cavalry |
| 17:54 | Build | Farm |
| 18:02 | Research | Wheelbarrow |
| 18:07 | Build | Farm |
| 18:08 | Build | Farm |
| 18:30 | Create | Villager (Male) |
| 18:30 | Create | Villager (Male) |
| 19:02 | Create | Villager (Male) |
| 19:02 | Create | Villager (Male) |
| 19:13 | Research | Fletching |
| 20:08 | Build | Farm |
| 20:08 | Build | Farm |
| 20:14 | Build | Farm |
| 20:14 | Build | Farm |
| 20:29 | Research | Castle Age |
| 20:39 | Build | Archery Range |
| 20:55 | Create | Skirmisher |
| 20:56 | Create | Skirmisher |
| 21:17 | Create | Skirmisher |
| 21:35 | Build | Lumber Camp |
| 21:40 | Create | Skirmisher |
| 22:12 | Research | Padded Archer Armor |
| 22:31 | Research | Padded Archer Armor |
| 22:37 | Create | Skirmisher |
| 22:37 | Create | Skirmisher |
| 23:09 | Age | Castle Age |
| 23:11 | Build | Town Center |
| 23:12 | Create | Villager (Male) |
| 23:12 | Create | Villager (Male) |
| 23:17 | Build | House |
| 23:48 | Build | Monastery |
| 24:02 | Build | Farm |
| 24:05 | Build | Farm |
| 24:16 | Create | Villager (Male) |
| 24:16 | Create | Villager (Male) |
| 24:17 | Create | Villager (Male) |
| 24:22 | Research | Elite Skirmisher (upgrade) |
| 24:23 | Create | Villager (Male) |
| 24:23 | Create | Villager (Male) |
| 24:27 | Build | Town Center |
| 24:30 | Build | Town Center |
| 24:31 | Build | Farm |
| 24:31 | Build | Farm |
| 24:31 | Build | Farm |
Match timeline
| 3:56 | Gil-galad · first_building Barracks |
| 8:17 | step sister · wall_segment Palisade Wall x1 |
| 9:10 | step sister · first_building Barracks |
| 9:13 | step sister · age_up feudal |
| 9:43 | step sister · first_building Archery Range |
| 10:42 | step sister · wall_segment Palisade Wall x4 |
| 10:49 | step sister · wall_segment Palisade Wall x1 |
| 10:52 | step sister · wall_segment Palisade Wall x1 |
| 10:52 | step sister · wall_segment Palisade Wall x1 |
| 10:54 | step sister · wall_segment Palisade Wall x6 |
| 12:13 | step sister · wall_segment Palisade Wall x1 |
| 12:27 | Gil-galad · age_up feudal |
| 12:29 | Gil-galad · first_building Archery Range |
| 12:32 | step sister · wall_segment Palisade Wall x1 |
| 13:05 | step sister · wall_segment Palisade Wall x6 |
| 13:05 | Gil-galad · wall_segment Palisade Wall x4 |
| 14:16 | Gil-galad · wall_segment Palisade Wall x14 |
| 14:19 | Gil-galad · wall_segment Palisade Wall x4 |
| 14:30 | Gil-galad · wall_segment Palisade Wall x1 |
| 14:31 | Gil-galad · wall_segment Palisade Wall x1 |
| 14:33 | Gil-galad · wall_segment Palisade Wall x10 |
| 16:54 | step sister · first_building Stable |
| 19:33 | Gil-galad · wall_segment Palisade Wall x3 |
| 20:20 | Gil-galad · first_building Stable |
| 21:50 | Gil-galad · age_up castle |
| 22:59 | Gil-galad · wall_segment Palisade Wall x3 |
| 23:00 | Gil-galad · wall_segment Palisade Wall x4 |
| 23:09 | step sister · age_up castle |
| 23:48 | step sister · first_building Monastery |
| 25:30 | Gil-galad · first_building Monastery |
| 28:16 | step sister · first_building Siege Workshop |
| 28:53 | step sister · first_building Castle |
| 31:40 | Gil-galad · first_market_sell 100 food |
| 32:40 | Gil-galad · first_building Siege Workshop |
| 34:50 | Gil-galad · first_market_buy 100 stone |
| 34:52 | Gil-galad · first_building Castle |
| 38:14 | step sister · first_market_sell 100 food |
| 39:23 | Gil-galad · age_up imperial |
| 41:27 | step sister · age_up imperial |
| 50:39 | Gil-galad · wall_segment Stone Wall x17 |
| 50:43 | Gil-galad · wall_segment Stone Wall x14 |
| 55:02 | Gil-galad · wall_segment Stone Wall x10 |
| 56:06 | step sister · first_market_buy 100 stone |
| 56:07 | Gil-galad · wall_segment Stone Wall x8 |
| 57:07 | Gil-galad · wall_segment Stone Wall x5 |
| 59:31 | step sister · resign |
[ AI ANALYSIS · 1 CREDIT ]
What really happened in this match?
Wolo.gg analyzes every decision: build order, eco, micro, common mistakes by bracket. Personalized analysis on WhatsApp or Discord in 30 seconds.
Civ guide
Hindustanis
Perfil
Jugador #322559